 Dungeon Crawl Stone Soup version 0.25.1-2-g60ff931df9 (webtiles) character file.

Game seed: 3599382923786375835

53 Ivernyr the Ruffian (level 3, -2/32 HPs)
             Began as a Troll Transmuter on Oct 14, 2020.
             Hit by a stone thrown by a gnoll (8 damage)
             ... on level 2 of the Dungeon.
             The game lasted 00:02:01 (770 turns).

Ivernyr the Ruffian (Troll Transmuter)               Turns: 770, Time: 00:02:01

Health: -2/32      AC:  6    Str: 18    XL:     3   Next: 62%
Magic:  4/4        EV: 10    Int: 10    God:
Gold:   32         SH:  0    Dex: 10    Spells: 2/5 levels left

rFire    . . .     SeeInvis .     - Unarmed
rCold    . . .     Gourm    +   (no shield)
rNeg     . . .     Faith    .   b - +0 robe
rPois    .         Spirit   .   (helmet restricted)
rElec    .         Reflect  .   (no cloak)
rCorr    .         Harm     .   (gloves unavailable)
MR       .....                  (boots unavailable)
Stlth    +.........             (no amulet)
HPRegen  0.50/turn              (no ring)
MPRegen  0.09/turn              (no ring)

@: no status effects
A: large, unfitting armour, claws 3, fast metabolism 3, gourmand, regeneration
1, shaggy fur 1, tough skin 3
a: no special abilities


You were on level 2 of the Dungeon.
You were very full.

You visited 1 branch of the dungeon, and saw 2 of its levels.

You collected 32 gold pieces.

Inventory:

Missiles
 a - 66 arrows
Armour
 b - a +0 robe (worn)
Scrolls
 h - a scroll of enchant armour {unknown}
 l - a scroll of enchant weapon {unknown}
Potions
 c - a potion of degeneration {unknown}
 e - 3 potions of might {unknown}
 f - 2 potions of mutation {unknown}
 g - a potion of lignification {unknown}
 i - a potion of haste {unknown}
 k - a potion of curing {unknown}
Comestibles
 d - 6 rations
 j - 3 chunks of flesh


   Skills:
 - Level 0.7 Fighting
 + Level 2.0 Dodging
 + Level 3.4 Unarmed Combat
 + Level 1.5 Spellcasting
 * Level 2.1 Transmutations


You had 2 spell levels left.
You knew the following spells:

 Your Spells              Type           Power        Failure   Level  Hunger
a - Beastly Appendage     Tmut           #.....       14%         1    ##.....
b - Sticks to Snakes      Tmut           #.......     21%         2    ###....

Your spell library contained the following spells:

 Spells                   Type           Power        Failure   Level  Hunger
 Spider Form              Tmut/Pois      #.........   54%         3    ####...
 Ice Form                 Ice/Tmut       #.......     91%         4    #####..
 Blade Hands              Tmut           #.........   98%         5    ######.


Dungeon Overview and Level Annotations

Branches:
Dungeon (2/15)

Altars:


Innate Abilities, Weirdness & Mutations

You are too large for most types of armour.
You have claws for hands.
Your metabolism is lightning-fast.
You like to eat raw meat.
Your natural rate of healing is unusually fast.
You are covered in fur. (AC +1)
You have extremely tough skin. (AC +3)


Message History

You scratch the gnoll.
The gnoll is heavily wounded.
The gnoll hits you.
You claw the gnoll!
You kill the gnoll!
Your Dodging skill increases to level 2!
The gnoll throws a stone.
The stone hits you. The gnoll hits you.
The gnoll throws a stone.
The stone closely misses you.
You see here a stone.
You claw the gnoll!
The gnoll is heavily wounded.
The gnoll hits you but does no damage.
You claw the gnoll!
You kill the gnoll!
The gnoll throws a stone.
The stone hits you but does no damage. The gnoll barely misses you.
The gnoll throws a stone.
The stone hits you!
* * * LOW HITPOINT WARNING * * *
You see here 2 stones.
The gnoll throws a stone.
The stone hits you!
You die...

########### #.....# ..........#
#.###.# ..........# #.# #.#
..........# #.###'##
............# #......#
............# ##.....#
...<........# #.....#
............######.....#######.
................@(.....'.......
............######(g...#######.
.....[...(..#### #†g...#
#............# #.....# ##
###.########...###.....#######...
..............g...)............[.
###.########...######.......##...
#.# #...# #######.# #.# #...# #.#


You could see 2 gnolls.

Vanquished Creatures
  2 gnolls (D:2)
  A worm (D:2)
  2 dart slugs
  3 leopard geckos (D:1)
  A giant cockroach (D:1)
  6 goblins (D:1)
  A hobgoblin (D:1)
  4 bats (D:1)
  2 kobolds (D:1)
  2 rats
24 creatures vanquished.

Notes
Turn   | Place    | Note
-------+----------+-------------------------------------------
     0 | D:1      | Ivernyr the Troll Transmuter began the quest for the Orb.
     0 | D:1      | Reached XP level 1. HP: 18/18 MP: 1/1
    68 | D:1      | Reached XP level 2. HP: 23/26 MP: 3/3
   118 | D:1      | Learned a level 2 spell: Sticks to Snakes
   633 | D:2      | Reached XP level 3. HP: 32/32 MP: 4/4
   770 | D:2      | Hit by a stone thrown by a gnoll

Illustrated notes

Levels and vault maps discovered:
D:1:      dpeg_arrival_radiant, layout_rooms, serial_forest,
          infiniplex_forest_lined_2, infiniplex_forest_lined_corner,
          infiniplex_forest_lined_room_2, infiniplex_forest_clump_small,
          infiniplex_forest_straight_1, infiniplex_forest_clump_small,
          infiniplex_forest_straight_4, infiniplex_forest_lined_2,
          infiniplex_forest_clump_small
D:2:      layout_basic, first_ration, dk_xom_monty_hall

Skill      XL: |  1  2  3 |
---------------+----------+-----
Transmutations | 2 |  2.1
Dodging        | 2 |  2.0
Fighting       | |  0.7
Unarmed Combat | |  3.4
Spellcasting   | |  1.5

Action                   || total
-------------------------++-------
Melee: Unarmed           ||    66
       Punch             ||     1
  Eat: Chunk             ||    12
Armor: Robe              ||    29
Dodge: Dodged            ||    44
